[Event "Titled Tuesday Blitz August 10 2021"]
[White "Salinas Herrera, Pablo"]
[Black "Rychagov, Andrey"]
[WhiteFideId "3407128"]
[BlackFideId "4119932"]
[WhiteElo "2541"]
[BlackElo "2527"]
[Result "1-0"]
[Round "11"]
[TimeControl "180+1"]
[Date "2021.08.10"]
[WhiteClock "0:00:03"]
[BlackClock "0:00:16"]

1. e4 e6 2. d4 d5 3. Nc3 Nf6 4. Bd3 c5 5. Nf3 cxd4 6. Nxd4 Nc6 7. Bb5 Bd7 8. exd5 exd5 9. O-O Be7 10. Re1 O-O 11. Bg5 h6 12. Bh4 Re8 13. Qd3 Qb6 14. Nf5 Bxf5 15. Qxf5 Nd4 16. Qd3 Nxb5 17. Qxb5 Qxb5 18. Nxb5 Rac8 19. c3 a6 20. Nd4 g5 21. Nf5 Bf8 22. Bg3 Ne4 23. Rad1 Rcd8 24. Kf1 Kh7 25. f3 Nxg3+ 26. hxg3 Rxe1+ 27. Kxe1 h5 28. g4 Kg6 29. Ne3 Re8 30. Kd2 hxg4 31. fxg4 Bc5 32. Nxd5 Re4 33. b4 Bd6 34. Rf1 Be5 35. Re1 Rxe1 36. Kxe1 f5 37. gxf5+ Kxf5 38. Kd2 Ke4 39. Nb6 Kf4 40. c4 Kg3 41. Nd7 Bg7 42. Nc5 Bf8 43. Nxb7 Bxb4+ 44. Ke2 Kxg2 45. c5 Bc3 46. c6 Be5 47. Nc5 g4 48. Nxa6 g3 49. Nb4 Kh2 50. Nd3 g2 51. Nxe5 1-0


[Site "https://www.chess.com"]

[Event "Titled Tuesday Blitz August 10 2021"]
[White "Siva Mahadevan"]
[Black "Le, Tuan Minh"]
[WhiteFideId "25043153"]
[BlackFideId "12401153"]
[WhiteElo "2203"]
[BlackElo "2450"]
[Result "0-1"]
[Round "11"]
[TimeControl "180+1"]
[Date "2021.08.10"]
[WhiteClock "0:00:18"]
[BlackClock "0:00:05"]

1. e4 c5 2. Nf3 Nf6 3. e5 Nd5 4. d4 cxd4 5. Qxd4 e6 6. Bd3 Nc6 7. Qe4 f5 8. Qe2 Nde7 9. Na3 Ng6 10. Nc4 b5 11. Nd6+ Bxd6 12. exd6 O-O 13. Bxb5 Bb7 14. O-O Rc8 15. Bg5 Qb6 16. Be3 Qa5 17. a4 a6 18. Bd3 Nce5 19. Nxe5 Qxe5 20. f4 Qxd6 21. Rad1 Qc6 22. b3 Rf7 23. Qf2 Kh8 24. Rd2 Ne7 25. Bd4 Nd5 26. Qg3 Nf6 27. Re2 Qd6 28. Be5 Qc5+ 29. Kh1 Ne4 30. Bxe4 Bxe4 31. c4 d6 32. Ba1 d5 33. cxd5 Qxd5 34. Be5 Rd7 35. h4 Qd3 36. Qf2 h6 37. Re3 Qd5 38. Qg3 Rc2 39. Rf2 Qd1+ 40. Kh2 Rc1 41. Qg6 Qh1+ 42. Kg3 Rg1 43. Qxh6+ Kg8 44. Qxe6+ Kh7 45. Rxe4 Rd3+ 0-1


[Site "https://www.chess.com"]

[Event "Titled Tuesday Blitz August 10 2021"]
[White "Solon, Nathan"]
[Black "Wagner, Dennis"]
[WhiteFideId "2017229"]
[BlackFideId "24650684"]
[WhiteElo "2661"]
[BlackElo "2355"]
[Result "1-0"]
[Round "11"]
[TimeControl "180+1"]
[Date "2021.08.10"]
[WhiteClock "0:00:20"]
[BlackClock "0:00:16"]

1. d4 Nf6 2. c4 e6 3. g3 c5 4. d5 exd5 5. cxd5 d6 6. Nc3 g6 7. Bg2 Bg7 8. Nf3 O-O 9. O-O Re8 10. Bf4 Nh5 11. Bg5 Qc7 12. Qd2 a6 13. a4 Nd7 14. g4 Nhf6 15. h3 Ne4 16. Nxe4 Rxe4 17. Qc2 Rb4 18. Ra2 Nf6 19. Bd2 Re4 20. g5 Bf5 21. gxf6 Bxf6 22. Bc3 Bxc3 23. Qxc3 Qd7 24. Kh2 Rxe2 25. Raa1 Rc2 26. Qf6 Qd8 27. Qxd8+ Rxd8 28. Nh4 Bd7 29. a5 Rxb2 30. Rab1 Rb5 31. Rfe1 Kf8 32. Bf1 Rxa5 33. Rxb7 Ra2 34. Kg3 a5 35. Nf3 a4 36. Ng5 h6 37. Ne4 Bf5 38. Nc3 Ra3 39. Re3 Rxc3 40. Rxc3 Ra8 41. Ra3 Kg7 42. Bb5 Kf6 43. Rxa4 Rc8 44. Bd7 Bxd7 45. Rxd7 Ke5 46. Rxf7 Kxd5 47. Rf6 c4 48. Ra5+ Ke4 49. Rxd6 c3 50. Ra1 c2 51. Rc1 Rc3+ 52. Kg2 g5 53. Rd2 Kf4 54. Rdxc2 Rd3 55. Rc4+ Kf5 56. R1c3 Rd2 57. Rf3+ Kg6 58. Rc6+ Kh5 59. Rff6 g4 60. Rxh6+ Kg5 61. Rcg6+ Kf5 62. hxg4+ Kf4 63. Rg8 Rd3 64. Rf6+ Ke5 65. Rf5+ Ke4 66. f3+ Ke3 67. Re8+ Kd2 68. Ree5 Kc2 69. Rd5 Ra3 70. g5 Kc1 71. g6 Ra2+ 72. Kg3 Ra6 73. Rg5 Ra8 74. g7 Rg8 75. Rdf5 Kd2 76. Rf8 1-0


[Site "https://www.chess.com"]

[Event "Titled Tuesday Blitz August 10 2021"]
[White "Terry, Renato"]
[Black "Nagy, Gabor"]
[WhiteFideId "3803457"]
[BlackFideId "737119"]
[WhiteElo "2581"]
[BlackElo "2562"]
[Result "1-0"]
[Round "11"]
[TimeControl "180+1"]
[Date "2021.08.10"]
[WhiteClock "0:00:47"]
[BlackClock "0:01:22"]

1. e4 e5 2. Nf3 Nc6 3. c3 Nf6 4. d4 Nxe4 5. d5 Ne7 6. Nxe5 Ng6 7. Nxg6 hxg6 8. Bd3 Nf6 9. c4 Bd6 10. Nc3 c6 11. Qe2+ Kf8 12. Bg5 Qa5 13. Bd2 Qb6 14. O-O-O cxd5 15. cxd5 a5 16. Be3 Bc5 17. Kb1 Bxe3 18. fxe3 d6 19. h3 a4 20. a3 Bd7 21. Rhf1 Rc8 22. Rc1 Rh5 23. e4 Re5 24. Qf3 g5 25. Ka1 Qa5 26. Qf2 Kg8 27. h4 gxh4 28. Qxh4 b5 29. Rxf6 gxf6 30. Rh1 Kg7 31. Qh6+ Kg8 32. Qh8# 1-0


[Site "https://www.chess.com"]

[Event "Titled Tuesday Blitz August 10 2021"]
[White "To, Nhat Minh"]
[Black "Quispe Arteaga, Gabriel"]
[WhiteFideId "729019"]
[BlackFideId "32059809"]
[WhiteElo "2412"]
[BlackElo "2172"]
[Result "1-0"]
[Round "11"]
[TimeControl "180+1"]
[Date "2021.08.10"]
[WhiteClock "0:00:04"]
[BlackClock "0:00:10"]

1. d4 Nf6 2. c4 e6 3. Nf3 Bb4+ 4. Bd2 Qe7 5. g3 O-O 6. Nc3 b6 7. Bg2 Bb7 8. O-O d6 9. Rc1 Nbd7 10. d5 Bxc3 11. Bxc3 exd5 12. Nh4 Qe6 13. Bxf6 Nxf6 14. cxd5 Bxd5 15. Rxc7 Bxg2 16. Nxg2 Qxa2 17. Qa1 Qb3 18. Rd1 Rfe8 19. Nf4 g5 20. Rd3 Qb5 21. b3 Qe5 22. Qxe5 Rxe5 23. Nh3 h6 24. f4 Rxe2 25. fxg5 Ng4 26. gxh6 Rae8 27. h7+ Kg7 28. Ng5 Rxh2 29. Rxf7+ Kg6 30. Nf3 Rxh7 31. Rf4 Ne5 32. Rxd6+ Kg7 33. Nxe5 Rxe5 34. Rd7+ Kg8 35. Rg4+ Kf8 36. Rxh7 1-0


[Site "https://www.chess.com"]

[Event "Titled Tuesday Blitz August 10 2021"]
[White "Urazayev, Arystanbek"]
[Black "Williams, Simon K"]
[WhiteFideId "13709810"]
[BlackFideId "404454"]
[WhiteElo "2321"]
[BlackElo "2468"]
[Result "1-0"]
[Round "11"]
[TimeControl "180+1"]
[Date "2021.08.10"]
[WhiteClock "0:01:48"]
[BlackClock "0:00:05"]

1. e4 c5 2. Nf3 d6 3. d4 cxd4 4. Nxd4 Nf6 5. Nc3 g6 6. Be2 Bg7 7. O-O O-O 8. Be3 a6 9. a4 Qc7 10. Qd2 b6 11. Nd5 Nxd5 12. exd5 Bb7 13. c4 Nd7 14. a5 Rfb8 15. b4 b5 16. cxb5 Bxd5 17. b6 Qb7 18. Rac1 Rc8 19. Bf3 Bxf3 20. Nxf3 Ne5 21. Nxe5 Bxe5 22. Rxc8+ Rxc8 23. Rc1 Rxc1+ 24. Qxc1 d5 25. f4 Bd6 26. Bc5 Qc6 27. Qe3 h5 28. Bxd6 exd6 29. h4 Kg7 30. Qd4+ Kh7 31. Kh2 Kg8 32. f5 gxf5 33. Qf4 Qd7 34. Qg5+ Kf8 35. Qf6 Ke8 36. Qh8+ Ke7 37. Qxh5 Qe6 38. Qg5+ Kd7 39. Qc1 Qe5+ 40. Kh1 d4 41. b7 d5 42. Qc8+ Ke7 43. b8=Q 1-0


[Site "https://www.chess.com"]

[Event "Titled Tuesday Blitz August 10 2021"]
[White "Vasquez Schroeder, Rodrigo"]
[Black "Kaidanov, Gregory"]
[WhiteFideId "3400042"]
[BlackFideId "2008564"]
[WhiteElo "2568"]
[BlackElo "2670"]
[Result "1-0"]
[Round "11"]
[TimeControl "180+1"]
[Date "2021.08.10"]
[WhiteClock "0:00:41"]
[BlackClock "0:00:08"]

1. e4 e5 2. Nf3 Nc6 3. Bc4 Nf6 4. Ng5 d5 5. exd5 Na5 6. Bb5+ c6 7. dxc6 bxc6 8. Bd3 Nd5 9. Nf3 Bd6 10. O-O O-O 11. Re1 Re8 12. Nc3 f5 13. Nxd5 cxd5 14. Bb5 Bd7 15. Bxd7 Qxd7 16. d3 Nc6 17. c4 d4 18. g3 a5 19. a3 Kh8 20. Qc2 Bc5 21. Nd2 e4 22. dxe4 d3 23. Qd1 Nd4 24. Rb1 Nc2 25. Rf1 fxe4 26. Nb3 Bd6 27. Be3 Rf8 28. Nd2 Qe6 29. Qh5 Rae8 30. Qd5 Qg6 31. Bc5 Bxc5 32. Qxc5 Rf5 33. Qa7 h5 34. Qb7 Rf7 35. Qd5 h4 36. c5 hxg3 37. hxg3 Rf5 38. Qd7 e3 39. Nc4 e2 40. Nd6 Ref8 41. Nxf5 Qxf5 42. Qxf5 Rxf5 43. Rfd1 Rd5 44. c6 d2 45. c7 Rc5 46. Rxd2 e1=Q+ 47. Rxe1 Nxe1 48. Rd8+ Kh7 49. c8=Q Nf3+ 50. Kg2 Ne1+ 51. Kf1 Rxc8 52. Rxc8 Nd3 53. b3 1-0


[Site "https://www.chess.com"]

[Event "Titled Tuesday Blitz August 10 2021"]
[White "Vokhidov, Shamsiddin"]
[Black "Goryachkina, Aleksandra"]
[WhiteFideId "14204223"]
[BlackFideId "4147103"]
[WhiteElo "2572"]
[BlackElo "2441"]
[Result "1-0"]
[Round "11"]
[TimeControl "180+1"]
[Date "2021.08.10"]
[WhiteClock "0:01:54"]
[BlackClock "0:00:04"]

1. e4 c5 2. Nf3 Nc6 3. Bb5 e6 4. Bxc6 bxc6 5. d3 Ne7 6. Qe2 d6 7. e5 Ng6 8. Nc3 d5 9. b3 Be7 10. Na4 O-O 11. h4 f6 12. h5 Nxe5 13. Nxe5 fxe5 14. Bb2 d4 15. h6 Qd5 16. hxg7 Rf7 17. O-O-O Rxg7 18. Rh5 Bg5+ 19. Kb1 Ba6 20. Ba3 e4 21. Nxc5 exd3 22. Qxe6+ Qxe6 23. Nxe6 dxc2+ 24. Kxc2 d3+ 25. Kb1 h6 26. Nxg7 Kxg7 27. Bc1 d2 28. Bxd2 Be2 29. Bxg5 Bxh5 30. Rd7+ Kg6 31. Be3 Rf8 32. Rd6+ Rf6 33. Rxf6+ Kxf6 34. Bxa7 Be2 35. Kb2 h5 36. g3 Ke5 37. Kc3 Kd5 38. Kd2 Ba6 39. a4 Ke4 40. Kc3 Bf1 41. Kb4 Kd5 42. Ka5 Be2 43. Kb6 Bd1 44. a5 Bxb3 45. a6 c5 46. Bb8 c4 47. a7 1-0